 Dungeon Crawl Stone Soup version 0.24-a0-434-gd57e52fea8 (webtiles) character file.

Game seed: 14343902161462150232

12320 KristoblXynda the Carver (level 11, -8/94 HPs)
             Began as a Green Draconian Gladiator on June 17, 2019.
             Was a Believer of Ashenzari.
             Hit by a large rock thrown by a cyclops (41 damage)
             ... on level 11 of the Dungeon.
             The game lasted 00:23:55 (10945 turns).

KristoblXynda the Carver (DrGl)                    Turns: 10945, Time: 00:23:56

Health: -8/94      AC: 14    Str: 16    XL:     11   Next: 60%
Magic:  15/15      EV: 24    Int: 11    God:    Ashenzari [**....]
Gold:   864        SH:  6    Dex: 20    Spells: 12/15 levels left

rFire    . . .     SeeInvis .   H - +6 scimitar (freeze)
rCold    . . .     Gourm    .   p - +0 buckler
rNeg     . . .     Faith    .   (armour unavailable)
rPois    +         Spirit   .   b - +1 hat
rElec    .         Reflect  .   J - +2 cloak
rCorr    .         Harm     .   w - +2 pair of gloves
MR       .....                  (no boots)
Stlth    ++........             E - amulet of rage
HPRegen  0.25/turn              e - +5 ring of evasion (curse)
MPRegen  0.14/turn              h - +6 ring of dexterity (curse)

@: no status effects
A: breathe noxious fumes, unfitting armour, poison resistance, cold-blooded, AC
+7
a: Breathe Noxious Fumes, Curse Item, Scrying, Renounce Religion, Evoke Berserk
Rage


You were on level 11 of the Dungeon.
You worshipped Ashenzari.
Ashenzari was pleased with you.
You were not hungry.

You visited 2 branches of the dungeon, and saw 12 of its levels.

You collected 864 gold pieces.

Inventory:

Hand Weapons
 G - a +0 scimitar
 H - a +6 scimitar of freezing (weapon)
Missiles
 c - 3 throwing nets
 f - 2 javelins
 y - 8 boomerangs (quivered)
Armour
 b - a +1 hat (worn)
 p - a +0 buckler (worn)
 w - a +2 pair of gloves (worn)
 J - a +2 cloak (worn)
Jewellery
 e - a cursed +5 ring of evasion (left hand)
 h - a cursed +6 ring of dexterity (right hand)
 q - a +5 ring of strength
 E - an amulet of rage (around neck)
Wands
 m - a wand of digging (6)
 u - a wand of scattershot (6)
 L - a wand of acid (21)
Scrolls
 a - 6 scrolls of remove curse
 i - a scroll of enchant armour
 l - 3 scrolls of fear
 n - 3 scrolls of amnesia
 o - a scroll of immolation
 s - 3 scrolls of blinking
 t - a scroll of fog
 x - 3 scrolls of teleportation
 M - a scroll of identify
 N - a scroll of enchant weapon
Potions
 g - a potion of berserk rage {unknown}
 j - a potion of flight {unknown}
 k - 4 potions of mutation
 r - a potion of cancellation
 v - 7 potions of heal wounds
 z - a potion of haste {unknown}
 A - 2 potions of invisibility
 B - 7 potions of curing
 C - a potion of magic {unknown}
 D - a potion of resistance
 F - a potion of might {unknown}
 I - 2 potions of lignification
Comestibles
 d - 20 rations


   Skills:
 + Level 8.0 Fighting
 + Level 11.3 Long Blades
 - Level 5.1 Throwing
 + Level 8.5 Dodging
 - Level 5.0 Shields
 + Level 2.7 Spellcasting
 - Level 3.6(5.0) Poison Magic
 - Level 5.0(6.4) Evocations


You had 12 spell levels left.
You knew the following spells:

 Your Spells              Type           Power        Failure   Level  Hunger
a - Mephitic Cloud        Conj/Pois/Air  #.......     36%         3    ###....

Your spell library contained the following spells:

 Spells                   Type           Power        Failure   Level  Hunger
 Sting                    Conj/Pois      #...         10%         1    #......
 Poisonous Vapours        Pois/Air       #.....       14%         2    ###....
 Confusing Touch          Hex            #.....       26%         1    #......
 Olgreb's Toxic Radiance  Pois           ##......     34%         4    #####..
 Confuse                  Hex            #.......     58%         3    ###....
 Gell's Gravitas          Tloc           #.........   58%         3    ###....
 Petrify                  Tmut/Erth      #.......     94%         4    #####..
 Venom Bolt               Conj/Pois      #.........   95%         5    ######.
 Metabolic Englaciation   Hex/Ice        #.........   100%        5    ######.
 Yara's Violent Unravell  Hex/Tmut       #.........   100%        5    ######.


Dungeon Overview and Level Annotations

Branches:
Dungeon (11/15)            Temple (1/1) D:4            Lair (0/6) D:9
    Orc (0/2) D:9

Altars:
Ashenzari
Cheibriados
Dithmenos
Elyvilon
Fedhas
Gozag
Hepliaklqana
Kikubaaqudgha
Makhleb
Nemelex Xobeh
Okawaru
Qazlal
Ru
Sif Muna
Trog
Uskayaw
Vehumet
Wu Jian
Xom
Yredelemnul
Zin
The Shining One

Shops:
D:4 :   D:6 (   D:8 :[*!

Portals:
Trove: D:11 (give 8 potions of agility)


Innate Abilities, Weirdness & Mutations

You can breathe blasts of noxious fumes.
Your lurid green scales are hard. (AC +7)
You cannot fit into any form of body armour.
Your system is resistant to poisons. (rPois)
You are cold-blooded and may be slowed by cold attacks.


Message History

A cyclops is nearby!
The cyclops shouts!
The cyclops throws a large rock.
The large rock hits you!!
You see here a large rock.
The cyclops throws a large rock.
The large rock hits you!!
You see here a large rock.
Press: ? - help, Shift-Dir - straight line, f - cyclops
Aim: a cyclops You exhale a blast of noxious fumes.
The blast of choking fumes hits the cyclops.
The cyclops is lightly wounded.
You feel somewhat more hungry.
The cyclops is engulfed in noxious fumes.
The cyclops throws a large rock.
The large rock hits you!
Things that are here:
a large rock; an uncursed scale mail You have got your breath back.
The cyclops is engulfed in noxious fumes.
The cyclops throws a large rock.
The large rock hits you!!!
You die...

........................#########
#######.<.############..# #...#
#..# #######...############..#
........................####* *
............................. ,
...................(.........* *
###########.....○°(........).#
#.>°C○@............#
#..................#
#......>...........#
#..................
#................. ## * *
#................ * ..
.................< ### .. ,
................. , ... .. ,,
........ , ,...


You could see a cyclops.

Vanquished Creatures
  Erolcha (D:11)
  4 two-headed ogres
  Pikel (D:4)
  An ugly thing (D:11)
  3 kobold demonologists (D:11)
  A troll (D:9)
  2 hippogriffs
  A wraith (D:8)
  10 yaks (D:11)
  A wyvern (D:8)
  Edmund (D:5)
  Menkaure (D:4)
  7 orc warriors
  An ice beast (D:4)
  A black bear (D:8)
  4 sky beasts
  2 phantoms
  An ogre (D:6)
  The ghost of aaksess the Cutter, an amateur DsGl (D:4)
  4 centaurs
  A crocodile (D:11)
  4 big kobolds
  8 bullfrogs
  3 scorpions
  A water moccasin skeleton (D:6)
  7 killer bees
  6 howler monkeys
  6 wights (D:8)
  2 bullfrog zombies
  7 crimson imps
  A quasit (D:7)
  4 hounds
  5 orc priests
  A jelly (D:10)
  3 iguanas
  Natasha (twice) (D:4)
  5 orc wizards
  6 worker ants
  A killer bee zombie (D:8)
  A centaur simulacrum (D:4)
  A hound zombie (D:7)
  2 worker ant zombies (D:11)
  10 adders
  4 gnolls (D:2)
  A howler monkey skeleton (D:8)
  2 hound simulacra (D:4)
  4 shadow imps
  2 white imps
  A worm (D:3)
  5 leopard geckos
  33 orcs
  5 bats
  8 giant cockroaches
  7 goblins
  5 hobgoblins
  14 jackals
  5 quokkas
  A ball python (D:1)
  A frilled lizard (D:1)
  21 kobolds
  2 leopard gecko simulacra (D:4)
  A leopard gecko skeleton (D:4)
  A leopard gecko zombie (D:5)
  7 rats
  A spectral orc (D:9)
  2 fungi (D:7)
268 creatures vanquished.

Vanquished Creatures (others)
  A slave (D:4)
  An iguana (D:4)
  A bullfrog skeleton (D:4)
  Natasha (D:4)
  A worker ant (D:4)
  2 orcs (D:4)
  A plant (D:8)
8 creatures vanquished.

Grand Total: 276 creatures vanquished

Notes
Turn   | Place    | Note
-------+----------+-------------------------------------------
     0 | D:1      | KristoblXynda the Draconian Gladiator began the quest for
                  | the Orb.
     0 | D:1      | Reached XP level 1. HP: 17/17 MP: 1/1
   196 | D:1      | Reached XP level 2. HP: 25/25 MP: 2/2
   973 | D:2      | Reached XP level 3. HP: 21/30 MP: 3/3
  1361 | D:2      | Reached XP level 4. HP: 19/38 MP: 4/4
  2398 | D:3      | Found a sparkling altar of Nemelex Xobeh.
  2409 | D:3      | Reached skill level 4 in Long Blades
  2417 | D:3      | Reached XP level 5. HP: 32/45 MP: 5/5
  3300 | D:4      | Reached skill level 1 in Shields
  3314 | D:4      | Found a staircase to the Ecumenical Temple.
  3323 | Temple   | Entered the Ecumenical Temple
  3358 | Temple   | Became a worshipper of Ashenzari the Shackled
  3450 | D:4      | Noticed a slave
  3450 | D:4      | Noticed a slave
  3450 | D:4      | Noticed Pikel
  3450 | D:4      | Noticed a slave
  3462 | D:4      | Noticed a slave
  3476 | D:4      | Killed Pikel
  3476 | D:4      | Reached skill level 5 in Long Blades
  3476 | D:4      | Reached XP level 6. HP: 15/51 MP: 6/6
  3476 | D:4      | Your scales start taking on a lurid green colour.
  3476 | D:4      | Reached XP level 7. HP: 17/57 MP: 7/7
  3476 | D:4      | Gained mutation: Your system is resistant to poisons.
                  | (rPois) [Green Draconian growth]
  3740 | D:4      | Found a runed translucent gate.
  3741 | D:4      | Found a runed translucent gate.
  3742 | D:4      | Found a runed translucent gate.
  3773 | D:4      | Noticed Natasha
  3780 | D:4      | Killed Natasha
  3798 | D:4      | Found Durrodueli's Book Shop.
  3823 | D:4      | Noticed Menkaure
  3837 | D:4      | Killed Menkaure
  3837 | D:4      | Reached skill level 6 in Long Blades
  4116 | D:4      | Killed Natasha
  4142 | D:4      | Noticed Natasha
  4153 | D:4      | Killed Natasha
  4229 | D:4      | Noticed aaksess's ghost (amateur DsGl)
  4296 | D:5      | Entered Level 5 of the Dungeon
  4377 | D:5      | Noticed a two-headed ogre
  4407 | D:5      | Killed a two-headed ogre
  4407 | D:5      | Reached skill level 7 in Long Blades
  4407 | D:5      | Reached skill level 5 in Dodging
  4407 | D:5      | Reached XP level 8. HP: 60/63 MP: 8/8
  4583 | D:5      | Reached * piety under Ashenzari
  4846 | D:5      | Noticed Edmund
  4902 | D:5      | Killed Edmund
  4998 | D:6      | Reached skill level 5 in Throwing
  5170 | D:6      | Reached skill level 8 in Long Blades
  5170 | D:6      | Reached XP level 9. HP: 61/69 MP: 9/9
  5227 | D:6      | Found a snail-covered altar of Cheibriados.
  5252 | D:6      | Reached skill level 1 in Evocations
  5468 | D:6      | Found Xuuwil's Antique Weapon Emporium.
  5548 | D:6      | Reached skill level 5 in Shields
  6055 | D:7      | Found a shadowy altar of Dithmenos.
  6165 | D:7      | Reached skill level 9 in Long Blades
  6281 | D:7      | Found a stormy altar of Qazlal.
  6284 | D:7      | Found a blossoming altar of Fedhas.
  6657 | D:8      | Found Tiny's Book Shoppe.
  6705 | D:8      | Found a burning altar of Makhleb.
  6865 | D:8      | Found a hide-covered altar of Uskayaw.
  7373 | D:8      | Reached XP level 10. HP: 80/80 MP: 12/12
  7405 | D:8      | Found Xeek's Assorted Antiques.
  7484 | D:8      | Found Ykif's Distillery.
  7745 | D:8      | Found a hazy altar of Hepliaklqana.
  7811 | D:8      | Noticed a two-headed ogre
  7819 | D:8      | Killed a two-headed ogre
  7819 | D:8      | Reached skill level 5 in Fighting
  7819 | D:8      | Reached skill level 10 in Long Blades
  7829 | D:8      | Found Tuhi's Antique Armour Shoppe.
  7829 | D:8      | Noticed a two-headed ogre
  7868 | D:8      | Killed a two-headed ogre
  8008 | D:8      | Found a glowing silver altar of Zin.
  8131 | D:8      | Found Ges Mas's Antique Weapon Shoppe.
  8442 | D:9      | Found a sacrificial altar of Ru.
  8488 | D:9      | Learned a level 3 spell: Mephitic Cloud
  8489 | D:9      | Found an opulent altar of Gozag.
  8597 | D:9      | Found a staircase to the Lair.
  8759 | D:9      | Reached ** piety under Ashenzari
  8759 | D:9      | Found a basalt altar of Yredelemnul.
  8797 | D:9      | Found a staircase to the Orcish Mines.
  8806 | D:9      | Reached skill level 5 in Evocations
  8825 | D:9      | Reached skill level 1 in Poison Magic
  8860 | D:9      | Found a shimmering altar of Xom.
  9086 | D:9      | Found an opulent altar of Gozag.
  9107 | D:10     | Entered Level 10 of the Dungeon
  9858 | D:4      | Killed aaksess's ghost
 10091 | D:11     | Reached XP level 11. HP: 82/91 MP: 14/14
 10128 | D:11     | Noticed a brown ugly thing
 10269 | D:11     | Noticed Erolcha
 10282 | D:11     | Killed Erolcha
 10513 | D:11     | Reached skill level 11 in Long Blades
 10513 | D:11     | Reached skill level 1 in Spellcasting
 10601 | D:11     | Noticed a brown ugly thing
 10624 | D:11     | Killed a brown ugly thing
 10847 | D:11     | Noticed a two-headed ogre
 10855 | D:11     | Killed a two-headed ogre
 10900 | D:11     | Found a portal to a secret trove of treasure.
 10945 | D:11     | Hit by a large rock thrown by a cyclops

Levels and vault maps discovered:
D:1:      dpeg_arrival_signposts, layout_basic, minmay_3d_cube
D:2:      layout_basic, first_ration
D:3:      layout_basic, nicolae_overflow_crystal_walls
D:4:      layout_loops_ring, minmay_temple_entry_statues_fountains,
          serial_shops, shop, gammafunk_ghost_icy, uniq_pikel, uniq_menkaure,
          uniq_natasha
D:5:      layout_cave_pools, uniq_edmund
D:6:      layout_cave_pools, cheibriados_altar_1, serial_shops,
          nicolae_shop_statue_plus
D:7:      cheibrodos_helix_gallery, layout_cave_pools,
          grunt_temple_overflow_forces_of_nature, overflow_temple_1_default,
          grunt_tough_drop
D:8:      layout_basic, kennysheep_mini_moat, lemuel_round_altar,
          kennysheep_little_box, makhleb_heckhound_becter, serial_shops,
          nicolae_shop_crystal, nicolae_shop_behind_doors, shop,
          nicolae_shop_statue_plus, nicolae_shop_overgrown_old_shop,
          sword_in_stone
D:9:      layout_basic, nicolae_ru_sacrificial_ziggurat, marbit_many_paths,
          lemuel_coloured_pillars_altar, yredelemnul_forgotten_temple_becter,
          dpeg_oklobed_lair, orc_0_dummy, basic_altar
D:10:     layout_roguey, minmay_nine_imps
D:11:     layout_long_grid, enter_trove_0, uniq_erolcha
Temple:   kb_temple_of_zot

Skill      XL: |  1  2  3  4  5  6  7  8  9 10 11 |
---------------+----------------------------------+-----
Throwing       | 2 3 4 5 |  5.1
Dodging        | 3 4 5 6 7 8 |  8.5
Fighting       | 3 4 6 8 |  8.0
Long Blades    | 4 5 7 8 9 10 11 | 11.3
Shields        | 2 4 5 |  5.0
Evocations     | 3 5 |  5.0
Poison Magic   | 2 3 |  3.6
Spellcasting   | 2 |  2.7

Action                   |  1- 3 |  4- 6 |  7- 9 | 10-12 || total
-------------------------+-------+-------+-------+-------++-------
Melee: Long sword        |    64 |    89 |   444 |    63 ||   660
       Tailslap          |    16 |    22 |    98 |    69 ||   205
       Scimitar          |       |       |       |   243 ||   243
Throw: Boomerang         |       |     4 |    58 |    26 ||    88
Invok: Curse Item        |       |     1 |       |     1 ||     2
 Abil: Breathe Noxious F |       |       |    15 |    12 ||    27
Evoke: Wand              |       |       |       |     1 ||     1
  Use: Scroll            |       |     5 |    11 |     3 ||    19
       Potion            |       |       |     3 |       ||     3
 Stab: Sleeping          |     2 |     4 |     4 |     3 ||    13
       Confused          |       |       |     8 |    17 ||    25
  Eat: Chunk             |     1 |     7 |    14 |     6 ||    28
       Ration            |       |       |     1 |     2 ||     3
Armor: Skin              |     9 |    12 |    57 |    37 ||   115
Dodge: Dodged            |    56 |    97 |   299 |   230 ||   682
Block: Buckler           |       |       |   121 |    80 ||   201
       Rpst.: Long sword |    16 |    29 |    92 |    18 ||   155
       Scimitar          |       |       |       |    58 ||    58

Table legend:
 A = Non-vault XP
 B = Vault XP
 C = Vault XP percentage of total XP
 D = Non-vault monster count
 E = Vault monster count
 F = Vault count percentage of total count
                 A         B        C        D         E       F
            +---------+---------+-------+---------+---------+-------
      Total |   14078 |    3522 |  20.0 |     225 |      41 |  15.4
            +---------+---------+-------+---------+---------+-------
        D:1 |      21 |       6 |  22.2 |      14 |       4 |  22.2
        D:2 |     113 |       0 |   0.0 |      22 |       0 |   0.0
        D:3 |      74 |       0 |   0.0 |      14 |       0 |   0.0
        D:4 |     160 |    1127 |  87.6 |      13 |      11 |  45.8
        D:5 |    1174 |     166 |  12.4 |       8 |       1 |  11.1
        D:6 |     975 |       0 |   0.0 |      31 |       0 |   0.0
        D:7 |     801 |     211 |  20.8 |      22 |       7 |  24.1
        D:8 |    3448 |     525 |  13.2 |      39 |       6 |  13.3
        D:9 |    1206 |     133 |   9.9 |      18 |       2 |  10.0
       D:10 |     440 |     322 |  42.3 |       5 |       9 |  64.3
       D:11 |    5666 |    1032 |  15.4 |      39 |       1 |   2.5
            +---------+---------+-------+---------+---------+-------
